 Dungeon Crawl Stone Soup version 0.29-a0-648-g6b26cc9f40 (webtiles) character file.

Game seed: 17203331555179349822

14115 Sabo the Severer (level 12, -6/108 HPs)
             Began as a Hill Orc Fighter on June 20, 2022.
             Was an Elder of Uskayaw.
             Mangled by a skeletal warrior
             ... wielding a +0 halberd
              (7 damage)
             ... on level 11 of the Dungeon on June 21, 2022.
             The game lasted 01:08:44 (15108 turns).

Sabo the Severer (Hill Orc Fighter)                Turns: 15108, Time: 01:08:44

Health: -6/108     AC: 22    Str: 22    XL:     12   Next: 13%
Magic:  12/12      EV: 13    Int:  8    God:    Uskayaw [****..]
Gold:   385        SH:  0    Dex: 12    Spells: 11/11 levels left

rFire   . . .      SeeInvis .   F - +5 battleaxe (freeze)
rCold   . . .      Faith    .   (shield currently unavailable)
rNeg    . . .      Spirit   .   p - +0 chain mail
rPois   .          Reflect  .   (no helmet)
rElec   .          Harm     .   A - +0 cloak
rCorr   .          Rampage  .   N - +2 pair of gloves
Will    .....                   E - +0 pair of boots
Stlth   ..........              (no amulet)
HPRegen 0.28/turn               w - +4 ring of evasion
MPRegen 0.13/turn               D - +4 ring of protection

@: studying Armour
A: no striking features
a: Renounce Religion, Stomp, Line Pass


You were on level 11 of the Dungeon.
You worshipped Uskayaw.
Uskayaw was noncommittal.
You visited 1 branch of the dungeon, and saw 11 of its levels.
You also visited: Sewer and Ossuary.

You collected 619 gold pieces.
You spent 234 gold pieces at shops.

Inventory:

Hand Weapons
 a - a +3 war axe of freezing
 h - a +0 hunting sling
 F - a +5 battleaxe of freezing (weapon)
 J - a +0 shortbow
 K - the +1 trident of Eternal War {vamp, Str+6}
   (You bought it in a shop on level 8 of the Dungeon)

   It occasionally heals its wielder for a portion of the damage dealt when it
   wounds a living foe.
   Str:       It affects your strength (+6).
 O - a +0 morningstar of flaming
 Q - the +0 staff of Battle
   (You found it on level 10 of the Dungeon)

   It enhances your conjuration magic.
   It summons a battlesphere in combat, with strength depending on Conjurations
   skill.
   Its strikes trigger the battlesphere's blasts.
Missiles
 e - 6 boomerangs
 m - 23 poisoned darts (quivered)
 y - 9 javelins
 G - a throwing net
 I - 5 datura-tipped darts
 M - a curare-tipped dart
Armour
 p - a +0 chain mail (worn)
 A - a +0 cloak (worn)
 E - a +0 pair of boots (worn)
 N - a +2 pair of gloves (worn)
Jewellery
 d - a ring of flight
 l - an amulet of magic regeneration
 w - a +4 ring of evasion (left hand)
 D - a +4 ring of protection (right hand)
Wands
 b - a wand of iceblast (9)
 o - a wand of light (5)
 R - a wand of polymorph (6)
 S - a wand of digging (3)
Scrolls
 f - 3 scrolls of fog
 i - 8 scrolls of teleportation
 n - a scroll of brand weapon
 s - 3 scrolls of blinking
 u - a scroll of magic mapping
 B - a scroll of poison {unknown}
 H - a scroll of summoning
 P - a scroll of vulnerability {unknown}
Potions
 c - 2 potions of haste {unknown}
 j - 9 potions of curing
 k - a potion of cancellation {unknown}
 q - a potion of ambrosia {unknown}
 r - 2 potions of brilliance {unknown}
 t - 2 potions of degeneration {unknown}
 v - 2 potions of attraction {unknown}
 x - 2 potions of flight {unknown}
 z - a potion of mutation {unknown}
 C - a potion of magic {unknown}
 L - a potion of berserk rage {unknown}


   Skills:
 + Level 10.8 Fighting
 + Level 16.8 Axes
 + Level 10.1 Armour
 + Level 2.5 Dodging
 + Level 5.6 Stealth
 + Level 5.5 Shields


You had 11 spell levels left.
You didn't know any spells.
Your spell library contained the following spells:

 Spells                   Type           Power      Damage    Failure   Level
 Freeze                   Ice            0%         1d3       95%         1
 Sandblast                Erth           0%         2d4       95%         1
 Slow                     Hex            0%         N/A       95%         1
 Passwall                 Tmut/Erth      0%         N/A       99%         2
 Static Discharge         Conj/Air       0%         N/A       99%         2
 Call Canine Familiar     Summ           0%         N/A       100%        3
 Confusing Touch          Hex            0%         N/A       100%        3
 Frozen Ramparts          Ice            0%         1d2       100%        3
 Portal Projectile        Hex/Tloc       0%         N/A       100%        3
 Stone Arrow              Conj/Erth      0%         3d7       100%        3
 Vampiric Draining        Necr           0%         2d6       100%        3
 Hailstorm                Conj/Ice       0%         3d3       100%        4
 Leda's Liquefaction      Hex/Erth       0%         N/A       100%        4
 Lightning Bolt           Conj/Air       0%         1d11      100%        5
 Summon Forest            Summ/Tloc      0%         N/A       100%        5
 Summon Mana Viper        Hex/Summ       0%         N/A       100%        5
 Summon Cactus Giant      Summ           0%         N/A       100%        6
 Maxwell's Capacitive Co  Air            0%         ∞         100%        8


Dungeon Overview and Level Annotations

Branches:
Dungeon (11/15)            Temple (0/1) D:7            Lair (0/6) D:8
  Sewer (visited)         Ossuary (visited)
    Orc: D:9-12

Altars:
Ashenzari
Cheibriados
Dithmenos
Gozag
Makhleb
Nemelex Xobeh
Ru
Uskayaw
Wu Jian
Xom
Yredelemnul
Zin
The Shining One

Shops:
D:1 ?   D:8 *::((

Annotations:
D:4 2 transporters, zhov's ghost, amateur SpEn


Message History

You hit the skeletal warrior but do no damage.
The skeletal warrior is heavily damaged.
You hit the skeletal warrior but do no damage.
The skeletal warrior is no longer sharing its pain. x2
The skeletal warrior barely misses you.
The skeletal warrior completely misses you.
The skeletal warrior hits you with a +0 scimitar!
* * * LOW HITPOINT WARNING * * *
You feel much better.
The skeletal warrior is no longer sharing its pain.
The skeletal warrior hits you with a +0 scimitar!
* * * LOW HITPOINT WARNING * * *
The skeletal warrior hits you from afar with a +0 halberd!
* * * LOW HITPOINT WARNING * * *
The skeletal warrior closely misses you.
You hit the skeletal warrior but do no damage.
The skeletal warrior is heavily damaged.
You hit the skeletal warrior but do no damage.
The skeletal warrior barely misses you. x2
The skeletal warrior hits you but does no damage.
You hit the skeletal warrior.
The skeletal warrior is heavily damaged.
You hit the skeletal warrior but do no damage.
Uskayaw will force your foes to share their pain.
You hit the skeletal warrior but do no damage.
The skeletal warrior is heavily damaged.
You slash the skeletal warrior! You freeze the skeletal warrior.
You destroy the skeletal warrior!
The skeletal warrior hits you but does no damage.
Your Armour skill increases to level 10!
You slash the skeletal warrior! You freeze the skeletal warrior.
The skeletal warrior is severely damaged.
The skeletal warrior hits you with a +0 scimitar!
* * * LOW HITPOINT WARNING * * *
The skeletal warrior hits you but does no damage.
You feel much better.
The skeletal warrior hits you with a +0 scimitar!!
* * * LOW HITPOINT WARNING * * *
The skeletal warrior hits you from afar with a +0 halberd!
You die...

.........#####.#...#..
..######## #.#....#
#.#.#..# #.#)#..#
#######.#.#..#
$....##.#.#..#
#......#..#
#######z.#.#.#..#
.....z)@........#
..######.#.#.##.#
#.....# .# ###.### .#
#.# .# #.# .# #.# .#
#.# .#


You could see 2 skeletal warriors.

Vanquished Creatures
  2 two-headed ogres
  2 skeletal warriors (D:11)
  Pikel (D:4)
  Joseph (D:10)
  Maggie (D:10)
  The ghost of chrisa4242 the Covert, a novice OpBr (D:5)
  2 tengu conjurers (D:10)
  2 trolls
  5 slime creatures (D:9)
  13 yaks
  3 centaur simulacra (D:10)
  4 wyverns
  A basilisk (D:8)
  2 steam dragons
  5 water moccasins
  An ice beast (D:10)
  A sky beast (D:6)
  3 black bears
  3 orc warriors
  4 ogres
  4 centaurs
  3 lemures (D:4)
  2 kobold brigands
  5 bullfrogs
  2 necrophages
  3 scorpions
  4 water moccasin zombies (Ossuary)
  5 wights (D:7)
  6 killer bees
  3 howler monkeys
  2 electric eels (D:6)
  A bullfrog zombie (D:5)
  2 centaur zombies (D:5)
  6 hounds
  4 jellies
  6 orc priests
  2 gnoll shamans
  A centaur skeleton (D:5)
  5 iguanas
  Natasha (twice) (D:3)
  11 orc wizards
  2 mummies (Ossuary)
  A howler monkey skeleton (D:5)
  15 adders
  30 gnolls
  A river rat (D:4)
  4 white imps (D:10)
  2 ufetubi (D:6)
  3 adder zombies (Ossuary)
  A worm (D:2)
  8 dart slugs (D:6)
  38 orcs
  17 ball pythons
  6 bats
  5 endoplasms
  7 giant cockroaches
  A gnoll zombie (Ossuary)
  5 goblins
  7 hobgoblins
  10 kobolds
  5 quokkas
  9 frilled lizards
  2 hobgoblin zombies (Ossuary)
  4 kobold zombies (Ossuary)
  11 orc zombies (Ossuary)
  13 rats
343 creatures vanquished.

Vanquished Creatures (others)
  6 fungi
  12 plants (D:8)
18 creatures vanquished.

Grand Total: 361 creatures vanquished

Notes
Turn   | Place    | Note
-------+----------+-------------------------------------------
     0 | D:1      | Sabo the Hill Orc Fighter began the quest for the Orb.
     0 | D:1      | Reached XP level 1. HP: 19/19 MP: 1/1
   177 | D:1      | Found Giesekk's Magic Scroll Shop.
   324 | D:1      | Reached XP level 2. HP: 26/27 MP: 2/2
   338 | D:1      | Reached skill level 3 in Axes
   358 | D:1      | Found a faded altar of an unknown god.
   371 | D:1      | Prayed at the altar of an unknown god.
   371 | D:1      | Became a worshipper of Uskayaw the Reveller
   371 | D:1      | Reached * piety under Uskayaw
  1083 | D:1      | Bought a scroll of identify for 22 gold pieces
  1135 | D:2      | Reached XP level 3. HP: 30/33 MP: 3/3
  1180 | D:2      | Identified the +1 leather armour of Xaveotik {MP+9}
  1219 | D:2      | Reached ** piety under Uskayaw
  1341 | D:2      | Reached skill level 4 in Axes
  1451 | D:2      | Reached XP level 4. HP: 32/40 MP: 4/4
  1729 | D:2      | Reached *** piety under Uskayaw
  1731 | D:2      | Reached **** piety under Uskayaw
  1735 | D:2      | Reached ***** piety under Uskayaw
  2321 | D:3      | Reached XP level 5. HP: 46/46 MP: 5/5
  2349 | D:3      | Noticed Natasha
  2369 | D:3      | Killed Natasha
  2370 | D:3      | Reached skill level 1 in Dodging
  2725 | D:3      | Reached skill level 1 in Stealth
  2857 | D:3      | Noticed Natasha
  2872 | D:3      | Killed Natasha
  2873 | D:3      | Reached skill level 5 in Axes
  3205 | D:3      | Reached XP level 6. HP: 37/53 MP: 6/6
  3629 | D:4      | Noticed a black bear
  3653 | D:4      | Killed a black bear
  3759 | D:4      | Reached skill level 6 in Axes
  3865 | D:4      | Reached XP level 7. HP: 60/60 MP: 7/7
  3880 | D:4      | Reached skill level 5 in Armour
  4029 | D:4      | Reached skill level 5 in Fighting
  4029 | D:4      | Reached skill level 7 in Axes
  4054 | D:4      | Found a glowing drain.
  4079 | Sewer    | Entered a sewer
  4495 | Sewer    | Reached XP level 8. HP: 69/69 MP: 8/8
  4684 | D:4      | Found a transporter.
  4710 | D:4      | Noticed zhov's ghost (amateur SpEn)
  4711 | D:4      | Identified the +6 giant club of Wealth {drain, rElec}
  4721 | D:4      | Found a transporter.
  4767 | D:4      | Found a basalt altar of Yredelemnul.
  4789 | D:4      | Noticed Pikel
  4804 | D:4      | Killed Pikel
  4805 | D:4      | Reached skill level 9 in Axes
  5748 | D:5      | Entered Level 5 of the Dungeon
  5833 | D:5      | Found a sand-covered staircase.
  5837 | Ossuary  | Entered an ossuary
  6018 | Ossuary  | Reached skill level 10 in Axes
  6034 | Ossuary  | Reached XP level 9. HP: 60/75 MP: 9/9
  6574 | D:5      | Noticed a two-headed ogre
  6584 | D:5      | Killed a two-headed ogre
  6585 | D:5      | Reached skill level 11 in Axes
  6736 | D:5      | Reached skill level 5 in Shields
  6737 | D:5      | Reached skill level 12 in Axes
  6968 | D:5      | Found a runed translucent gate.
  6970 | D:5      | Found a runed translucent gate.
  6971 | D:5      | Found a runed translucent gate.
  6973 | D:5      | Noticed chrisa4242's ghost (novice OpBr)
  6990 | D:5      | Killed chrisa4242's ghost
  7188 | D:5      | Found a sacrificial altar of Ru.
  7527 | D:6      | Reached XP level 10. HP: 86/86 MP: 10/10
  7716 | D:6      | Reached skill level 13 in Axes
  7716 | D:6      | Reached ****** piety under Uskayaw
  8978 | D:7      | Found a broken altar of Ashenzari.
  9164 | D:7      | You are sucked into a shaft and drop 2 floors!
  9174 | D:8      | Found Xeraz's Book Shoppe.
  9740 | D:7      | Found a staircase to the Ecumenical Temple.
 10126 | D:8      | Reached skill level 14 in Axes
 10375 | D:8      | Found Kihiahit's Antique Weapon Boutique.
 10422 | D:8      | Found a large runed translucent door.
 10423 | D:8      | Found a large runed translucent door.
 10434 | D:8      | Found an ornate altar of the Wu Jian Council.
 10445 | D:8      | Found a shadowy altar of Dithmenos.
 10450 | D:8      | Reached XP level 11. HP: 95/95 MP: 11/11
 10500 | D:8      | Found Tiecasa's Weapon Shop.
 10606 | D:8      | Found Epykiut's Book Boutique.
 10641 | D:8      | Reached skill level 15 in Axes
 10714 | D:8      | Found Ekaiddig's Demolitions Depot.
 11186 | D:8      | Found a staircase to the Lair.
 11443 | D:8      | Bought a twisted trident for 212 gold pieces
 11443 | D:8      | Identified the +1 trident of Eternal War {vamp, Str+6} (You
                  | bought it in a shop on level 8 of the Dungeon)
 11545 | D:9      | Found an opulent altar of Gozag.
 11578 | D:9      | Found a sparkling altar of Nemelex Xobeh.
 11873 | D:9      | Found a burning altar of Makhleb.
 11904 | D:9      | Found a hide-covered altar of Uskayaw.
 11955 | D:9      | Reached skill level 5 in Stealth
 12485 | D:9      | Found a snail-covered altar of Cheibriados.
 13146 | D:9      | Identified a scroll of acquirement
 13146 | D:9      | Acquired a manual of Armour
 13160 | D:10     | Entered Level 10 of the Dungeon
 13437 | D:10     | Noticed an angel
 13438 | D:10     | Found a shimmering altar of Xom.
 13438 | D:10     | Found a glowing silver altar of Zin.
 13462 | D:10     | Reached skill level 10 in Fighting
 13694 | D:10     | Found a glowing golden altar of the Shining One.
 14158 | D:10     | Noticed Joseph
 14169 | D:10     | Killed Joseph
 14170 | D:10     | Reached skill level 16 in Axes
 14339 | D:10     | Noticed Maggie
 14348 | D:10     | Killed Maggie
 14821 | D:10     | Found the +0 staff of Battle
 14931 | D:11     | Noticed a two-headed ogre
 14942 | D:11     | Killed a two-headed ogre
 14998 | D:11     | Reached XP level 12. HP: 85/108 MP: 12/12
 15100 | D:11     | HP: 4/108 [skeletal warrior/+0 short sword (10)]
 15107 | D:11     | Reached skill level 10 in Armour
 15107 | D:11     | HP: 3/108 [skeletal warrior/+0 scimitar (10)]
 15108 | D:11     | HP: 1/108 [skeletal warrior/+0 scimitar (21)]
 15108 | D:11     | Mangled by a skeletal warrior

Illustrated notes

Levels and vault maps discovered:
D:1:      wander_arrival_lonely_grave, layout_basic, basic_ecumenical_altar,
          serial_shops, shop, eino_curves_04, minmay_misc_feat_pillars,
          chequers_serial_rivers_micro_e
D:2:      layout_basic, minmay_rat_gold_closets
D:3:      layout_basic, uniq_natasha
D:4:      layout_layer_cave, yredelemnul_altar_generic, gammafunk_ghost_smash,
          portal_sewer_entry_b, serial_rivers, chequers_serial_rivers_micro_a,
          chequers_serial_rivers_small_3, chequers_serial_rivers_micro_e,
          chequers_serial_rivers_large_a, uniq_pikel
D:5:      layout_basic, nicolae_ru_path_of_blood, gammafunk_ghost_necromancy,
          enter_ossuary_5
D:6:      kennysheep_slugbush, layout_rooms, dreamdust_gnoll_farm
D:7:      layout_basic, ashenzari_conservatory_becter,
          minmay_temple_entry_stoned_glass, abandoned_shop
D:8:      layout_rooms, jmf_multi_god_temple2, minmay_lair_entry_grove,
          serial_shops, shop, nicolae_diamond_shop,
          nicolae_shop_advertising_works [nicolae_subvault_shop_adworks], shop,
          nicolae_two_hexagons, fungi_pond_lemuel, nicolae_blasting_shop
D:9:      hellmonk_ruined_rings, layout_grid_maze,
          nicolae_overflow_crystal_walls, mainiacjoe_overflow_surrounded_room,
          nicolae_uskayaw_dance_hall, lemuel_coloured_pillars_altar,
          grunt_gozag_statues, nicolae_concentric_dashed_squares_mild
D:10:     layout_basic, tso_metal_star, grunt_temple_overflow_order_and_chaos_1,
          serial_ice, serial_ice_c, serial_ice_n, serial_ice_a, serial_ice_d,
          hellmonk_guarded_unrand_staff_of_battle, uniq_maggie, uniq_joseph
D:11:     layout_loops_ring, minmay_orc_entry_temple_small,
          nicolae_underground_beach

Skill      XL: |  1  2  3  4  5  6  7  8  9 10 11 12 |
---------------+-------------------------------------+-----
Axes           | 3 4 5 6 7 10 12 14 16 | 16.8
Fighting       | 4 5 6 7 8 10 | 10.8
Dodging        | 1 2 |  2.5
Armour         | 4 5 6 7 9 10 | 10.1
Stealth        | 1 2 3 4 5 |  5.6
Shields        | 4 5 |  5.5

Action                   |  1- 3 |  4- 6 |  7- 9 | 10-12 || total
-------------------------+-------+-------+-------+-------++-------
Melee: War axe           |   100 |   126 |   319 |    76 ||   621
       Battleaxe         |       |       |       |   290 ||   290
Invok: Stomp             |       |       |       |     1 ||     1
  Use: Scroll            |     1 |     7 |     3 |     6 ||    17
       Potion            |       |     2 |     1 |     5 ||     8
 Stab: Paralysed         |       |     3 |    14 |    26 ||    43
Armor: Scale mail        |    42 |    74 |     3 |       ||   119
       Chain mail        |       |       |   137 |   207 ||   344
Dodge: Dodged            |    54 |    77 |   115 |   227 ||   473
Block: Buckler           |    24 |    37 |    67 |    23 ||   151

Table legend: (Time is in decaauts)
 A = Elapsed time spent in this place.
 B = Non-inter-level travel time spent in this place.
 C = Inter-level travel time spent in this place.
 D = Time resting spent in this place.
 E = Time spent auto-exploring this place.
 F = Levels seen in this place.
 G = Mean time per level.
                   A        B        C        D        E       F      G
               +--------+--------+--------+--------+--------+-----+--------+
         Total |  15184 |  15184 |      0 |   4549 |      0 |  13 | 1168.0 |
       Dungeon |  14243 |  14243 |      0 |   4161 |      0 |  11 | 1294.8 |
         Sewer |    564 |    564 |      0 |    216 |      0 |   1 |  564.0 |
       Ossuary |    377 |    377 |      0 |    172 |      0 |   1 |  377.0 |
               +--------+--------+--------+--------+--------+-----+--------+

Top non-repeatable levels by time:
    D:10: 1762 daAuts
     D:9: 1620 daAuts
     D:4: 1584 daAuts
     D:8: 1489 daAuts
     D:3: 1364 daAuts
     D:7: 1339 daAuts
     D:5: 1323 daAuts
     D:6: 1248 daAuts
     D:2: 1193 daAuts
     D:1: 1143 daAuts
   Sewer: 564 daAuts
 Ossuary: 377 daAuts
    D:11: 173 daAuts
